 Dungeon Crawl Stone Soup version 0.31.0-32-g396128a36d (webtiles) character file.

Game seed: 15183053005547582232

61 TacoSundae the Cudgeller (level 3, -5/30 HPs)
             Began as an Armataur Fighter on Apr 13, 2024.
             Slain by Sigmund
             ... wielding a +0 scythe
              (8 damage)
             ... on level 2 of the Dungeon.
             The game lasted 00:02:53 (1040 turns).

TacoSundae the Cudgeller (Armataur Fighter)         Turns: 1040, Time: 00:02:53

Health: -5/30      AC:  6    Str: 23    XL:     3   Next: 83%
Magic:  3/3        EV:  7    Int:  8    God:
Gold:   72         SH:  4    Dex:  9    Spells: 2/2 levels left

rFire   . . .        a - +0 flail
rCold   . . .        c - +0 buckler
rNeg    . . .        b - +0 scale mail
rPois   .            (no helmet)
rElec   .            (no cloak)
rCorr   .            (no gloves)
SInv    .            (no barding)
Will    .....        (no amulet) Stlth
                     (no ring)
HPRegen 0.25/turn    (no ring)
MPRegen 0.08/turn

%: roll
@: mighty
A: large, deformed body, tough skin 3, armoured tail, roll 1
a: no special abilities


You were on level 2 of the Dungeon.
You visited 1 branch of the dungeon, and saw 2 of its levels.

You collected 72 gold pieces.

Inventory:

Hand Weapons
 a - a +0 flail (weapon)
Armour
 b - a +0 scale mail (worn)
 c - a +0 buckler (worn)
Wands
 j - a wand of polymorph (13)
Scrolls
 g - 4 scrolls of identify {unknown}
 i - a scroll of torment {unknown}
Potions
 d - a potion of might
 e - a potion of berserk rage {unknown}
 f - 2 potions of haste {unknown}
 h - a potion of enlightenment {unknown}


   Skills:
 - Level 2.6 Fighting
 + Level 3.8 Maces & Flails
 - Level 3.6 Armour
 - Level 3.2 Shields


You had 2 spell levels left.
You didn't know any spells.
Your spell library was empty.

Dungeon Overview and Level Annotations

Branches:
Dungeon (2/15)

Altars:

Annotations:
D:2 Sigmund


Innate Abilities, Weirdness & Mutations

Armour fits poorly on your strangely shaped body.
You have extremely tough skin. (AC +3)
You have a long armoured tail.
You regenerate magic when rolling toward enemies. (Rampage MPRegen)


Message History

You kill the endoplasm!
The bat hits you but does no damage.
Sigmund mumbles some strange words.
Sigmund flickers and vanishes!
Deactivating autopickup; reactivate with Ctrl-A.
The endoplasm freezes you.
You are frozen.
You block the bat's attack. The bat hits you but does no damage.
The endoplasm attacks as it pursues you!
The endoplasm barely misses you.
The endoplasm attacks as it pursues you!
The endoplasm hits you but does no damage.
You hit the endoplasm. You tail-slap the endoplasm.
The endoplasm is moderately wounded.
The endoplasm freezes you.
You are frozen.
You sock the endoplasm!
You kill the endoplasm!
The bat hits you but does no damage.
You roll towards the bat!
You barely miss the bat. The bat hits you but does no damage.
The bat barely misses you. Something hits you!
You feel very mighty all of a sudden. The bat hits you but does no damage.
You barely miss the bat. The bat hits you but does no damage.
Something hits you.
You barely miss the bat. You block the bat's attack.
Something hits you but does no damage. The bat hits you but does no damage.
You closely miss the bat. The bat barely misses you.
You block the bat's attack. Something hits you.
* * * LOW HITPOINT WARNING * * *
You miss the bat. The bat hits you.
* * * LOW HITPOINT WARNING * * *
The bat hits you but does no damage. x2; Something hits you.
* * * LOW HITPOINT WARNING * * *
You closely miss the bat.
Your tail-slap misses the bat.
The bat hits you but does no damage. The bat hits you.
* * * LOW HITPOINT WARNING * * *
Something hits you!
You die...

####.# ###†# ..# .....#
######.# ..#
##########....#.#
#..### #
#......).#.###.# ...[.
. +....>..†......#
...### #
#........#.######.....
#
###.#.####.........####
# #.#.##########......#
# #.#.#....@b{.....##.#
# #.#.#.#########.## #
#..........# ... #
#.....###.## #### #
#..†......## #
#####.......... #
#..........### ##
#.####.....# ...
#.....#


You could see a bat.

Vanquished Creatures
  2 adders (D:2)
  3 dart slugs (D:1)
  7 bats
  5 endoplasms
  A giant cockroach (D:1)
  5 goblins (D:1)
  3 hobgoblins
  2 kobolds (D:1)
  3 ball pythons
  3 frilled lizards (D:1)
  2 rats
36 creatures vanquished.

Notes
Turn   | Place    | Note
-------+----------+-------------------------------------------
     0 | D:1      | TacoSundae the Armataur Fighter began the quest for the
                  | Orb.
     0 | D:1      | Reached XP level 1. HP: 18/18 MP: 1/1
    67 | D:1      | Reached XP level 2. HP: 22/25 MP: 2/2
   451 | D:1      | Reached XP level 3. HP: 30/30 MP: 3/3
  1024 | D:2      | Noticed Sigmund
  1040 | D:2      | Slain by Sigmund

Illustrated notes

Levels and vault maps discovered:
D:1:      zaba_arrival_water, layout_basic, nicolae_eternal_life,
          chequers_serial_rivers_large_a, kennysheep_crisscross
D:2:      layout_basic, uniq_crazy_yiuf_cottage, uniq_sigmund

Skill      XL: |  1  2 |
---------------+-------+-----
Maces & Flails | 2 3 |  3.8
Fighting       | |  2.6
Armour         | |  3.6
Shields        | |  3.2

Action                     || total
---------------------------++-------
  Melee: Flail             ||   120
         Tailslap          ||     7
    Use: Potion            ||     1
 Armour: Scale mail        ||   112
  Dodge: Dodged            ||    36
  Block: Buckler           ||    34
